 Dungeon Sprint DCSS version 0.29-a0-284-gf9362112df (webtiles) character file.

Game seed: 12958622928552998774

1939 horus123 the Warrior (level 9, -15/84 HPs)
             Began as a Djinni Cinder Acolyte on Mar 30, 2022.
             Was a High Priest of Ignis.
             Demolished by a +2 halberd of venom (22 damage)
             ... in the Dungeon (Sprint V: "Ziggurat Sprint").
             The game lasted 00:06:40 (1499 turns).

horus123 the Warrior (Djinni Cinder Acolyte)        Turns: 1499, Time: 00:06:41

Health: -15/84     AC: 15    Str: 19    XL:     9   Next: 41%
Gold:   0          EV:  9    Int: 25    God:    Ignis [*****.] SH:  0 Dex: 10

rFire   + + +      SeeInvis .   v - +7 great mace "Firestarter" {inner flame, rF++}
rCold   + . .      Faith    .   (shield currently unavailable)
rNeg    . . .      Spirit   .   a - +5 ice dragon scales
rPois   ∞          Reflect  .   (no helmet)
rElec   .          Harm     .   (no cloak)
rCorr   .          Rampage  .   (no gloves)
Will    .....      NoTele   +   (boots unavailable)
Stlth   ..........              x - amulet of the acrobat
HPRegen 0.24/turn               s - +6 ring of intelligence
MPRegen 0.00/turn               t - +6 ring of strength

@: wereblooded, freezing walls, flying
A: sickness immunity, fire resistance 2, cold vulnerability 1, float, innate
caster, HP casting, extra vitality 1
a: Renounce Religion, Fiery Armour, Foxfire Swarm, Rising Flame


You were in the Dungeon.
You worshipped Ignis.
Ignis was extremely pleased with you.
You visited 1 branch

Inventory:

Hand Weapons
 v - the +7 great mace "Firestarter" (weapon) {inner flame, rF++}
   (You found it in the Dungeon)

   It burns those it strikes, dealing additional fire damage.
   It fills those it strikes with an explosive inner flame.
   It grants immunity to clouds of flame.
   rF:        It greatly protects you from fire.
Armour
 a - +5 ice dragon scales (worn)
 b - a +0 robe
Jewellery
 k - the ring "Anulecka" {rElec Dex+6}
   (You found it in the Dungeon)

   [ring of dexterity]

   Dex:       It affects your dexterity (+6).
   rElec:     It insulates you from electricity.
 p - a +6 ring of dexterity
 q - a +6 ring of dexterity
 r - a +6 ring of intelligence
 s - a +6 ring of intelligence (left hand)
 t - a +6 ring of strength (right hand)
 u - a +6 ring of strength
 x - an amulet of the acrobat (around neck)
Wands
 m - a wand of mindburst (7)
 n - a wand of iceblast (7)
 o - a wand of acid (7)
Scrolls
 g - a scroll of blinking
Potions
 c - 8 potions of curing
 d - 12 potions of heal wounds
 e - 6 potions of haste
 f - 3 potions of berserk rage
 h - 2 potions of brilliance
 i - 2 potions of invisibility
 j - 4 potions of resistance
 l - 5 potions of might
Miscellaneous
 w - a lightning rod (4/4)
 y - a tin of tremorstones (2/2)
 z - a phantom mirror


   Skills:
 - Level 15.2 Fighting
 - Level 5.0 Maces & Flails
 - Level 4.2 Armour
 + Level 9.5 Spellcasting


You had 15 spell levels left.
You knew the following spells:

 Your Spells              Type           Power      Damage    Failure   Level
a - Scorch                Fire           100%       2d10      1%          2
b - Summon Small Mammal   Summ           100%       N/A       1%          1
c - Wereblood             Tmut           56%        N/A       1%          2
d - Frozen Ramparts       Ice            100%       1d12      1%          3
e - Summon Ice Beast      Ice/Summ       56%        N/A       3%          4
Your spell library was empty.

Dungeon Overview and Level Annotations

Branches:
Dungeon (1/1)

Altars:
Ashenzari
Cheibriados
Dithmenos
Elyvilon
Fedhas
Gozag
Hepliaklqana
Kikubaaqudgha
Makhleb
Nemelex Xobeh
Okawaru
Qazlal
Ru
Sif Muna
Trog
Uskayaw
Vehumet
Wu Jian
Xom
Yredelemnul
Zin
The Shining One
Beogh
Jiyva
Lugonu


Innate Abilities, Weirdness & Mutations

You are immune to sickness and miasma.
You are immune to poison.
Your flesh is very heat resistant. (rF++)
You are vulnerable to cold. (rC-)
You float through the air rather than walking.
You learn spells naturally, not from books.
Your magical power is your life essence.
You have superior vitality. (+4 MHP)


Message History

The +0 vorpal glaive resists.
The wall freezes the +0 vorpal glaive.
The +0 vorpal glaive hits you from afar!
The +2 halberd of venom completely resists.
The wall freezes the +2 halberd of venom but does no damage.
The +2 halberd of venom hits you from afar!!
* * * LOW HITPOINT WARNING * * *
The water elemental completely misses your ice beast.
The wall freezes the deep elf pyromancer.
The deep elf pyromancer barely misses you.
The +0 vorpal glaive resists.
The wall freezes the +0 vorpal glaive.
The +0 vorpal glaive completely misses you.
Your ice beast hits the deep elf pyromancer.
Your ice beast freezes the deep elf pyromancer!
The +2 halberd of venom resists.
The wall freezes the +2 halberd of venom.
The +2 halberd of venom hits you from afar.
* * * LOW HITPOINT WARNING * * *
The water elemental closely misses your ice beast.
You feel much better.
The wall freezes the deep elf pyromancer.
The deep elf pyromancer hits your ice beast with a +0 long sword!
The wall freezes the deep elf pyromancer.
The deep elf pyromancer points at you and mumbles some strange words.
The bolt of fire hits you. You resist.
The +0 vorpal glaive resists.
The wall freezes the +0 vorpal glaive.
The +0 vorpal glaive barely misses you.
The +2 halberd of venom resists.
The wall freezes the +2 halberd of venom.
The +2 halberd of venom hits you from afar!!
* * * LOW HITPOINT WARNING * * *
Your ice beast hits the deep elf pyromancer.
Your ice beast freezes the deep elf pyromancer!
The water elemental hits your ice beast!
The water elemental engulfs your ice beast in water!
You sock the deep elf pyromancer! You burn the deep elf pyromancer.
The deep elf pyromancer is filled with an inner flame.
The deep elf pyromancer is severely wounded.
The +2 halberd of venom resists.
The wall freezes the +2 halberd of venom.
The +2 halberd of venom hits you from afar!!
You die...

▓..=")..▓
▓..e}}..▓
▓.......▓
▓.......▓
▓.....Ee▓
▓......Y▓
▓.▓..(▓.▓
▓...©(e@▓
▓▓▓▓▓▓▓▓▓


You could see a water elemental, 2 deep elf pyromancers, a deep elf
zephyrmancer, 2 dancing weapons and a friendly ice beast (summoned, engulfed).

Vanquished Creatures
  2 ugly things (D)
  A golden eye (D)
  2 nagas (shapeshifter) (D)
  An ice beast (shapeshifter) (D)
  3 orc warriors (D)
  An ogre (shapeshifter) (D)
  2 phantoms (D)
  A wight (D)
  2 jellies (D)
  3 orc wizards (D)
  3 orcs (D)
  2 endoplasms (D)
  A ball python skeleton (D)
24 creatures vanquished.

Notes
Turn   | Place    | Note
-------+----------+-------------------------------------------
     0 | D        | horus123 the Djinni Cinder Acolyte began the quest for the
                  | Orb.
     0 | D        | Reached XP level 1. HP: 20/20 MP: 0/0
     0 | D        | Found a bloodstained altar of Trog.
     0 | D        | Found a sacrificial altar of Ru.
     0 | D        | Found a stormy altar of Qazlal.
     0 | D        | Found an iron altar of Okawaru.
     1 | D        | Found a sparkling altar of Nemelex Xobeh.
     1 | D        | Found a blossoming altar of Fedhas.
     1 | D        | Found the +6 Majin-Bo {vamp, MP+6 Int+6}
     1 | D        | Found the +9 heavy crossbow "Sniper" {vorpal, Acc+∞ SInv}
     1 | D        | Found the +10 dark maul {vorpal}
     1 | D        | Found the +15 Maxwell's patent armour {-Cast -Tele rElec
                  | Will+ rCorr}
     1 | D        | Found the +18 shield of the Gong {rElec rN+ Will+ EV-5}
     1 | D        | Found the +14 obsidian axe {vorpal, Mesm Drain Fly SInv}
     1 | D        | Found the +7 great mace "Firestarter" {inner flame, rF++}
     1 | D        | Found the +6 shillelagh "Devastator" {shatter}
     1 | D        | Found the +11 plutonium sword {Contam Stlth-}
     1 | D        | Found the +8 lance "Wyrmbane" {slay drac, rPois rF+ rC+
                  | AC+3}
     1 | D        | Found the +9 sword of Zonguldrok {reap}
     1 | D        | Found the +13 scythe of Curses {drain, Drain}
     1 | D        | Found the +5 sword of Power {vorpal}
     1 | D        | Found the +7 mace of Variability {chain chaos}
     1 | D        | Found the +7 Singing Sword {vorpal, sonic wave}
     1 | D        | Found the +8 storm bow {elec, penet}
     7 | D        | Found a corrupted altar of Lugonu.
     7 | D        | Found a burning altar of Makhleb.
     7 | D        | Found a transporter.
     7 | D        | Found a viscous altar of Jiyva.
     7 | D        | Found a hazy altar of Hepliaklqana.
    23 | D        | Found an opulent altar of Gozag.
    72 | D        | Reached skill level 6 in Fighting
    72 | D        | Reached XP level 2. HP: 29/29 MP: 0/0
    79 | D        | Entered arena 2.
    79 | D        | Noticed a naga
    79 | D        | Noticed an ogre
    79 | D        | Found a transporter.
    81 | D        | Killed an ogre
    82 | D        | Reached skill level 7 in Fighting
    82 | D        | Reached skill level 5 in Spellcasting
    82 | D        | Reached XP level 3. HP: 18/36 MP: 0/0
    82 | D        | Learned a level 1 spell: Summon Small Mammal
    82 | D        | Reached XP level 4. HP: 21/42 MP: 0/0
    83 | D        | Killed a naga
    84 | D        | Reached skill level 8 in Fighting
    84 | D        | Reached skill level 5 in Maces & Flails
    84 | D        | Reached XP level 5. HP: 12/48 MP: 0/0
    84 | D        | Learned a level 2 spell: Wereblood
    84 | D        | Reached XP level 6. HP: 14/54 MP: 0/0
    88 | D        | Got the ring "Anulecka" {rElec Dex+6}
   408 | D        | Entered arena 3.
   408 | D        | Found a transporter.
   543 | D        | Entered arena 4.
   543 | D        | Noticed a swamp drake
   543 | D        | Noticed a brown ugly thing
   543 | D        | Noticed a white ugly thing
   543 | D        | Noticed a naga
   543 | D        | Found a transporter.
   546 | D        | Noticed an ice beast
   546 | D        | a swamp drake changed into an ice beast
   548 | D        | Killed a white ugly thing
   548 | D        | Killed an ice beast
   548 | D        | Killed a naga
   549 | D        | Reached skill level 13 in Fighting
   549 | D        | Reached XP level 7. HP: 55/68 MP: 0/0
   549 | D        | Learned a level 3 spell: Frozen Ramparts
   549 | D        | Reached XP level 8. HP: 61/75 MP: 0/0
   553 | D        | Killed a white ugly thing
   554 | D        | Reached skill level 15 in Fighting
   900 | D        | Entered arena 5.
   900 | D        | Found a transporter.
   908 | D        | Reached XP level 9. HP: 76/84 MP: 0/0
   908 | D        | Learned a level 4 spell: Summon Ice Beast
  1041 | D        | Entered arena 6.
  1041 | D        | Found a transporter.
  1336 | D        | Entered arena 7.
  1466 | D        | Found a transporter.
  1490 | D        | Entered arena 8.
  1490 | D        | Noticed a +2 halberd of venom
  1490 | D        | Noticed a deep elf zephyrmancer
  1490 | D        | Noticed a +0 vorpal glaive
  1490 | D        | Noticed a deep elf pyromancer
  1490 | D        | Noticed a deep elf pyromancer
  1497 | D        | HP: 4/84 [+2 halberd of venom (6)]
  1499 | D        | Demolished by a +2 halberd of venom

Illustrated notes

Levels and vault maps discovered:
D:        sprint_v [room_start, room_1, room_2, room_3, room_4, room_5, room_6,
          room_7, room_8, room_9, room_10, room_11, room_12, room_13, room_14,
          room_15, room_16, room_17, room_18, room_19, room_20, room_21,
          room_22, room_23, room_24, room_25, room_26, room_27]

Skill      XL: |  1  2  3  4  5  6  7  8  9 |
---------------+----------------------------+-----
Fighting       | 6 7 8 13 15 | 15.2
Spellcasting   | 4 5 6 7 9 |  9.5
Maces & Flails | 3 5 |  5.0
Armour         | 4 |  4.2

Action                   |  1- 3 |  4- 6 |  7- 9 || total
-------------------------+-------+-------+-------++-------
Melee: Great mace        |     1 |     8 |    18 ||    27
 Cast: Scorch            |     1 |       |       ||     1
       Wereblood         |       |     1 |     2 ||     3
       Summon Ice Beast  |       |       |     3 ||     3
       Frozen Ramparts   |       |       |     3 ||     3
  Use: Potion            |     1 |       |     4 ||     5
Armor: Ice dragon scales |       |     4 |    20 ||    24
Dodge: Dodged            |     1 |     4 |    21 ||    26

Table legend: (Time is in decaauts)
 A = Elapsed time spent in this place.
 B = Non-inter-level travel time spent in this place.
 C = Inter-level travel time spent in this place.
 D = Time resting spent in this place.
 E = Time spent auto-exploring this place.
 F = Levels seen in this place.
 G = Mean time per level.
                   A        B        C        D        E       F      G
               +--------+--------+--------+--------+--------+-----+--------+
         Total |   1505 |   1505 |      0 |   1271 |      1 |   1 | 1505.0 |
       Dungeon |   1505 |   1505 |      0 |   1271 |      1 |   1 | 1505.0 |
               +--------+--------+--------+--------+--------+-----+--------+

Top non-repeatable levels by time:
       D: 1505 daAuts
